 Dungeon Crawl Stone Soup version 0.21.0 (webtiles) character file.

620 Leibowitz the Cutter (level 7, 0/41 HPs)
             Began as a Kobold Gladiator on Jan 6, 2018.
             Slain by Pikel
             ... wielding a +1 whip of freezing
              (4 damage)
             ... on level 5 of the Dungeon.
             The game lasted 00:10:21 (3862 turns).

Leibowitz the Cutter (Kobold Gladiator)             Turns: 3862, Time: 00:10:21

Health: 0/41       AC:  6    Str: 11    XL:     7   Next: 75%
Magic:  7/7        EV: 17    Int: 10    God:
Gold:   150        SH:  0    Dex: 18    Spells: 6/6 levels left

rFire    + . .     SeeInvis .   a - +0 rapier
rCold    . . .     Gourm    .   (shield restricted)
rNeg     . . .     Faith    .   r - +2 leather armour {rF+}
rPois    .         Spirit   .   c - +0 helmet
rElec    .         Reflect  .   (no cloak)
rCorr    .         Harm     .   (no gloves)
MR       .....                  (no boots)
Stlth    +++.......             (no amulet)
HPRegen  0.13/turn              e - ring of flight
MPRegen  0.10/turn              (no ring)

@: hasted, very quick
A: small, carnivore
a: Evoke Flight


You were on level 5 of the Dungeon.
You were very full.

You visited 1 branch of the dungeon, and saw 5 of its levels.

You collected 150 gold pieces.

Inventory:

Hand Weapons
 a - a +0 rapier (weapon)
Missiles
 d - 2 throwing nets (quivered)
 g - 21 poisoned needles
 h - 8 needles of confusion
Armour
 c - a +0 helmet (worn)
 r - a +2 leather armour of fire resistance (worn)
Jewellery
 e - a ring of flight (left hand)
Wands
 q - a wand of polymorph (8)
Scrolls
 i - a scroll of fog
 j - 3 scrolls of teleportation
 l - 2 scrolls of identify
 m - 4 scrolls of remove curse
 n - a scroll of fear
 o - a scroll of enchant weapon {unknown}
Potions
 k - a potion of magic
Comestibles
 f - 5 rations


   Skills:
 * Level 3.6 Fighting
 * Level 7.5 Short Blades
 - Level 2.1 Throwing
 + Level 1.6 Armour
 * Level 5.2 Dodging
 * Level 5.1 Stealth


You had 6 spell levels left.
You didn't know any spells.

Dungeon Overview and Level Annotations

Branches:
Dungeon (5/15)
 Temple: D:4-7

Altars:
Ashenzari
Cheibriados
Dithmenos
Elyvilon
Nemelex Xobeh
Qazlal

Shops:
D:4 =

Annotations:
D:4 2 transporters
D:5 Pikel


Innate Abilities, Weirdness & Mutations

You are small and have problems with some larger weapons.
You are carnivorous and can eat meat at any time.


Message History

Pikel misses you.
You closely miss Pikel.
Pikel is severely wounded.
You miss Pikel.
Pikel is severely wounded.
Pikel hits you with a whip of freezing.
* * * LOW HITPOINT WARNING * * *
Pikel freezes you.
* * * LOW HITPOINT WARNING * * *
You barely miss Pikel.
Pikel is severely wounded.
You miss Pikel.
Pikel is severely wounded.
Pikel hits you but does no damage.
You barely miss Pikel.
Pikel is severely wounded.
You miss Pikel.
Pikel is severely wounded.
Pikel hits you with a whip of freezing.
You die...

...$ >.... .#.#... .......
.#.#... .#.#<.##############
..=........ppppK@..+
.###....############ .#
#....#.###...... ..#
.###...p#.##......# #.#####
..........##...(..# #.#[...
.###....#.##......# #.#.###
.#................# #.#[#
.#.####.#$#.......# #.#.#
..........#.......#########.#.###


You could see Pikel and 4 slaves.

Vanquished Creatures
  Eustachio (D:5)
  2 ogres (D:4)
  A crimson imp (D:5)
  A jelly (D:5)
  An orc priest (D:4)
  A worker ant (D:4)
  A hound skeleton (D:4)
  5 adders
  4 gnolls (D:4)
  A shadow imp (D:4)
  A worm (D:2)
  3 dart slugs
  4 leopard geckos
  3 orcs
  2 ball pythons (D:3)
  4 giant cockroaches
  6 goblins
  4 hobgoblins (D:1)
  15 jackals
  6 bats
  2 frilled lizards
  5 kobolds
  8 rats
81 creatures vanquished.

Notes
Turn   | Place    | Note
-------+----------+-------------------------------------------
     0 | D:1      | Leibowitz the Kobold Gladiator began the quest for the Orb.
     0 | D:1      | Reached XP level 1. HP: 12/12 MP: 1/1
    90 | D:1      | Reached XP level 2. HP: 17/17 MP: 2/2
   529 | D:1      | Reached XP level 3. HP: 22/22 MP: 3/3
   848 | D:2      | Found a white marble altar of Elyvilon.
  1028 | D:2      | Reached skill level 5 in Short Blades
  1162 | D:2      | Reached skill level 1 in Stealth
  1284 | D:2      | Reached XP level 4. HP: 18/27 MP: 4/4
  2029 | D:3      | Found a stormy altar of Qazlal.
  2039 | D:3      | Found a shattered altar of Ashenzari.
  2261 | D:4      | Noticed an ogre
  2332 | D:4      | Found Loulot's Jewellery Emporium.
  2366 | D:4      | Reached XP level 5. HP: 25/31 MP: 5/5
  2490 | D:4      | Killed an ogre
  2490 | D:4      | Reached skill level 6 in Short Blades
  2490 | D:4      | Reached XP level 6. HP: 37/37 MP: 6/6
  2549 | D:4      | Reached skill level 1 in Armour
  2824 | D:4      | Found a transporter.
  2824 | D:4      | Found a shadowy altar of Dithmenos.
  2825 | D:4      | Noticed a soldier ant
  2832 | D:4      | Noticed a yak
  2833 | D:4      | Found a transporter.
  2943 | D:4      | Noticed an ogre
  2952 | D:4      | Killed an ogre
  3086 | D:4      | Reached skill level 5 in Dodging
  3091 | D:4      | Reached XP level 7. HP: 22/41 MP: 7/7
  3414 | D:5      | Entered Level 5 of the Dungeon
  3474 | D:5      | Reached skill level 7 in Short Blades
  3606 | D:5      | Found a snail-covered altar of Cheibriados.
  3644 | D:5      | Noticed Eustachio
  3667 | D:5      | Killed Eustachio
  3667 | D:5      | Reached skill level 5 in Stealth
  3737 | D:5      | Found a sparkling altar of Nemelex Xobeh.
  3777 | D:5      | Noticed Pikel
  3862 | D:5      | Slain by Pikel

Skill      XL: |  1  2  3  4  5  6  7 |
---------------+----------------------+-----
Dodging        | 4 5 |  5.2
Short Blades   | 5 6 7 |  7.5
Stealth        | 1 2 4 5 |  5.1
Fighting       | 3 |  3.6
Armour         | 1 |  1.6
Throwing       | |  2.1

Action                   |  1- 3 |  4- 6 |  7- 9 || total
-------------------------+-------+-------+-------++-------
Melee: Rapier            |    91 |   129 |   104 ||   324
Throw: Throwing net      |       |     1 |     1 ||     2
  Use: Scroll            |     3 |     3 |       ||     6
       Potion            |     4 |       |     2 ||     6
 Stab: Sleeping          |     1 |     5 |     3 ||     9
       Held in net/web   |       |     2 |     2 ||     4
       Distracted        |       |     1 |       ||     1
  Eat: Chunk             |     9 |     6 |     1 ||    16
Armor: Leather armour    |    21 |    22 |    19 ||    62
Dodge: Dodged            |    64 |   102 |    64 ||   230
